AoeStats
← El wey

Lombardia

510226341Analyzed
2v2 RM · 2d ago on Sep 30, 2026· 33m 58s· 4 players
Game mode
Random Map
Map size
Medium (4 player)
Population
200
Speed
Normal
Resources
Standard
Victory
Conquest
Starting age
Dark Age
Ending age
Imperial Age
RankedLock teamsTeams togetherTeam positionsShared explorationLock speedFull tech treeHidden civsTurbo modeCheats
Victory
Defeat
🇦🇷 Ethiopians · Argentina
1065
+18
🇦🇷 Franks · Argentina
1051
+19
🇺🇸 Byzantines · United States
1118
-19
🇺🇸 Cumans · United States
1109
-18
IIIGekoIII
7:00 Loom
10:41 Feudal Age
11:25 Double-Bit Axe
14:52 Wheelbarrow
20:20 Forging
22:13 Castle Age
20:51 Scale Barding Armor
21:40 Gold Mining
24:20 Stone Mining
27:13 Iron Casting
28:46 Hand Cart
30:00 Chain Barding Armor
29:31 Fletching
El wey
8:02 Loom
10:25 Feudal Age
11:47 Wheelbarrow
11:14 Double-Bit Axe
16:44 Fletching
16:55 Padded Archer Armor
22:49 Castle Age
23:45 Bow Saw
23:33 Bodkin Arrow
22:59 Crossbowman
23:45 Scale Mail Armor
24:09 Horse Collar
25:06 Leather Archer Armor
Cammac
5:25 Loom
10:31 Feudal Age
11:13 Double-Bit Axe
11:21 Stone Mining
26:10 Horse Collar
27:22 Fletching
34:39 Castle Age
Codeman
7:16 Loom
11:04 Feudal Age
12:39 Double-Bit Axe
15:38 Castle Age
14:06 Horse Collar
22:36 Fletching
23:08 Elite Skirmisher
25:20 Bodkin Arrow
26:17 Pikeman
26:57 Squires
27:16 Scale Mail Armor
30:58 Ballistics
Connection lost

Rejoining the realm…

Still unreachable

The connection could not be restored.

Session expired

The server has moved on; the page needs a fresh start.